 Dungeon Crawl Stone Soup version 0.21.0-37-g46506fa5f3 (webtiles) character file.

254152 Jannitor the Warrior (level 20, -20/162 HPs)
             Began as a Gnoll Wanderer on Jan 30, 2018.
             Was the Champion of Yredelemnul.
             Killed from afar by an ancient lich (94 damage)
             ... with an iron shot
             ... on level 5 of the Vaults on Jan 31, 2018.
             The game lasted 02:07:37 (34042 turns).

Jannitor the Warrior (Gnoll Wanderer)              Turns: 34042, Time: 02:07:47

Health: -20/162    AC: 21    Str: 25    XL:     20   Next: 17%
Magic:  19/37      EV: 17    Int: 20    God:    Yredelemnul [******]
Gold:   771        SH: 18    Dex: 17    Spells: 5/45 levels left

rFire    + + .     SeeInvis .   I - +9 demon trident (venom)
rCold    . . .     Gourm    .   b - +5 shield
rNeg     . . .     Faith    .   v - +0 fire dragon scales
rPois    .         Spirit   .   o - +2 helmet
rElec    .         Reflect  .   (no cloak)
rCorr    .         Harm     .   a - +2 pair of gloves {Str+3}
MR       ++++.                  S - +0 pair of boots
Stlth    +++.......             X - amulet of regeneration
HPRegen  0.77/turn              w - ring of the Mage {Wiz MR++ Int+3}
MPRegen  0.25/turn              f - ring "Kucobups" {rC+ Str+3}

@: heavily drained
A: distributed training, fangs 1, talons 1, magic resistance 1, MP-powered
wands, strong nose
}: 1/15 runes: gossamer
a: Recall Undead Slaves, Injury Mirror, Animate Dead, Drain Life, Enslave Soul,
Renounce Religion


You were on level 5 of the Vaults.
You worshipped Yredelemnul.
Yredelemnul was exalted by your worship.
You were not hungry.

You visited 6 branches of the dungeon, and saw 33 of its levels.
You visited 1 bazaar.
You also visited: Labyrinth.

You collected 3700 gold pieces.
You spent 2929 gold pieces at shops.

Inventory:

Hand Weapons
 I - a +9 demon trident of venom (weapon)
Missiles
 p - 5 javelins (quivered)
 O - a throwing net
 Q - 8 javelins of penetration
Armour
 a - a +2 pair of gloves of strength (worn)
 b - a +5 shield (worn)
 o - a +2 helmet (worn)
 v - +0 fire dragon scales (worn)
 S - a +0 pair of boots (worn)
Jewellery
 f - the ring "Kucobups" (right hand) {rC+ Str+3}
   (You bought it in a shop on level 2 of the Orcish Mines)

   [ring of strength]

   It affects your strength (+3).
   It protects you from cold.
 i - a cursed ring of loudness {unknown}
 w - the ring of the Mage (left hand) {Wiz MR++ Int+3}
   (You bought it in a shop on level 1 of the Vaults)

   [ring of wizardry]

   It improves your spell success rate.
   It affects your intelligence (+3).
   It affects your resistance to hostile enchantments.
 X - an amulet of regeneration (around neck)
Wands
 j - a wand of acid (22)
 l - a wand of scattershot (8)
 A - a wand of clouds (2)
 D - a wand of digging (25)
 G - a wand of enslavement (29)
 L - a wand of flame (120)
 M - a wand of disintegration (2)
 P - a wand of paralysis (37)
 T - a wand of iceblast (37)
Scrolls
 h - 10 scrolls of identify
 k - 8 scrolls of remove curse
 r - 2 scrolls of fear
 u - 3 scrolls of magic mapping
 z - 5 scrolls of blinking
 E - 3 scrolls of amnesia
 F - 3 scrolls of fog
 R - 4 scrolls of teleportation
Potions
 e - 7 potions of haste
 g - 3 potions of cancellation
 m - 3 potions of heal wounds
 q - 11 potions of curing
 s - 4 potions of agility
 t - 6 potions of brilliance
 x - a potion of invisibility
 B - a potion of resistance
 J - 6 potions of ambrosia
 N - 6 potions of mutation
 Y - a potion of berserk rage
 Z - 3 potions of might
Books
 c - a book of Battle

   Spells                             Type                      Level
   a - Infusion                       Charms                       1
   b - Shroud of Golubria             Charms/Translocation         2
   c - Song of Slaying                Charms                       2
   d - Spectral Weapon                Hexes/Charms                 3
   e - Regeneration                   Charms/Necromancy            3
Miscellaneous
 y - a fan of gales
 U - 2 sacks of spiders
 W - a lamp of fire
Comestibles
 d - 20 rations


   Skills:
 + Level 15.0(12.9) Fighting
 + Level 13.0(11.0) Short Blades
 + Level 13.0(11.0) Long Blades
 + Level 13.2(11.2) Axes
 + Level 13.0(11.0) Maces & Flails
 + Level 13.0(11.0) Polearms
 + Level 13.0(11.0) Staves
 + Level 13.0(11.0) Slings
 + Level 13.0(11.0) Bows
 + Level 13.0(11.0) Crossbows
 + Level 13.2(11.2) Throwing
 + Level 14.3(12.2) Armour
 + Level 13.0(11.0) Dodging
 + Level 13.2(11.2) Stealth
 + Level 13.0(11.0) Shields
 + Level 13.0(11.0) Unarmed Combat
 + Level 13.0(11.0) Spellcasting
 + Level 11.2(9.2) Conjurations
 + Level 11.2(9.2) Hexes
 + Level 11.2(9.2) Charms
 + Level 11.2(9.2) Summonings
 + Level 11.2(9.2) Necromancy
 + Level 11.2(9.2) Translocations
 + Level 11.2(9.2) Transmutations
 + Level 11.2(9.2) Fire Magic
 + Level 11.2(9.2) Ice Magic
 + Level 11.2(9.2) Air Magic
 + Level 11.2(9.2) Earth Magic
 + Level 11.2(9.2) Poison Magic
 + Level 14.0(12.0) Invocations
 + Level 13.0(11.0) Evocations


You had 5 spell levels left.
You knew the following spells:

 Your Spells              Type           Power        Failure   Level  Hunger
a - Swiftness             Chrm/Air       #####...     1%          2    None
b - Yara's Violent Unrav  Hex/Tmut       #####.....   6%          5    ####...
c - Ozocubu's Armour      Chrm/Ice       #####...     1%          3    None
d - Spectral Weapon       Hex/Chrm       #####...     1%          3    None
e - Passwall              Tmut/Erth      #####.....   1%          2    None
f - Alistair's Intoxicat  Tmut/Pois      #####...     6%          5    ####...
g - Aura of Abjuration    Summ           #####.....   6%          5    ####...
h - Summon Forest         Summ/Tloc      #####.....   6%          5    ####...
i - Shadow Creatures      Summ           N/A          28%         6    ######.
j - Cause Fear            Hex            #####.....   1%          4    ##.....


Dungeon Overview and Level Annotations

Branches:
Dungeon (15/15)            Temple (1/1) D:4            Lair (6/6) D:10
 Shoals (0/4) Lair:2       Spider (4/4) Lair:3        Slime (0/5) Lair:6
    Orc (2/2) D:9             Elf (0/3) Orc:2        Vaults (5/5) D:13
  Crypt (0/3) Vaults:2     Depths (0/5) D:15

Altars:
Ashenzari
Cheibriados
Dithmenos
Elyvilon
Fedhas
Gozag
Hepliaklqana
Kikubaaqudgha
Makhleb
Nemelex Xobeh
Okawaru
Qazlal
Ru
Sif Muna
Trog
Uskayaw
Vehumet
Wu Jian
Xom
Yredelemnul
Zin
The Shining One

Shops:
D:5 ?   D:12 !   Orc:1 (   Orc:2 [**   Vaults:1 **=(*   Vaults:3 [(
Vaults:4 =

Annotations:
D:3 hofbold's ghost, amateur FoFi
D:4 exclusion: door
D:8 hofbold's ghost, novice FoFi
Vaults:5 Mennas; Sojobo


Innate Abilities, Weirdness & Mutations

Your experience applies equally to all skills.
You have very sharp teeth.
Your uncanny sense of smell can sniff out nearby items.
You have sharp toenails.
You are resistant to hostile enchantments. (MR+)
You expend magic power (3 MP) to strengthen your wands.


Message History

Unknown command.
You hit something. You puncture something! You bite something.
You feel sick.
You are no longer poisoned.
Something touches you!
You closely miss something. Something barely misses you.
You closely miss something.
You hear some strange, mumbled words.
A bolt of fire appears from out of thin air!
The bolt of fire hits you! You resist.
The bolt of fire hits your tengu reaver zombie.
You puncture something! You bite something. You block something's attack.
You hit something but do no damage. Your bite misses something.
You hit something. Your bite misses something.
You hear some strange, mumbled words.
An iron shot appears from out of thin air!
The iron shot hits you!
Ouch! That really hurt!
You die...
Your body rises from the dead as a mindless zombie.

∆ ## ## ### ## ##
##.###.###.###.###.#.
#...#...#...#...#....
...................
...........ZZZ.#
..........ZZ(Z#
#....).#Z@##
##...)###Z{#
##).##|##..#
##).ZZ.(%##...
#))Z.))|## .....
........#..((##
...... #......##)|)##
..... ......# ../##
..... ..$.#. #=##


You could see a friendly spectral demon trident of venom, a friendly redback
zombie, a friendly deep elf high priest zombie, a friendly ogre zombie, 2
friendly ettin zombies, a friendly vault guard zombie and 2 friendly tengu
reaver zombies.

Vanquished Creatures
  2 sphinxes
  Roxanne (D:15)
  2 shadow dragons (Vaults:5)
  3 tengu reavers (Vaults:5)
  2 fire giants
  Aizul (Spider:4)
  2 frost giants (Vaults:4)
  2 vault wardens (Vaults:4)
  2 ghost moths (Spider:4)
  3 emperor scorpions (Spider:4)
  2 stone giants (Vaults:5)
  6 ironheart preservers
  A very ugly thing (Vaults:2)
  Nessos (Orc:2)
  3 entropy weavers
  A deep elf annihilator (Vaults:4)
  3 ettins
  The ghost of VanClaymore the Impaler, a journeyman MfGl of Qazlal (D:12)
  A minotaur (Lab)
  Josephine (Orc:1)
  3 fire dragons
  A great orb of eyes (Vaults:3)
  2 deep elf high priests (Vaults:5)
  A rakshasa (Vaults:2)
  3 hydras
  4 yaktaur captains
  2 ice dragons
  4 vault guards
  4 centaur warriors
  Erica (Lair:2)
  3 death knights
  A tengu warrior (D:13)
  A dancing weapon (D:13)
  5 ogre magi
  17 two-headed ogres
  3 death yaks (Lair:5)
  A vampire mage (D:15)
  An orc high priest (Orc:2)
  6 skeletal warriors
  A flayed ghost (Vaults:2)
  2 unseen horrors (D:15)
  7 deep trolls
  8 orc knights
  5 ironbrand convokers
  2 deep elf archers
  A wolf spider zombie (D:15)
  A necromancer (D:15)
  A lindwurm (Lair:6)
  Pikel (D:5)
  2 phantasmal warriors
  3 harpies
  A fire giant zombie (D:15)
  6 deep elf magi
  13 ugly things
  20 wolf spiders
  2 manticores
  9 orb spiders
  4 orc sorcerers (Orc:2)
  An orb spider (shapeshifter) (Vaults:2)
  4 cyclopes
  A shadow dragon skeleton (D:15)
  A fire giant skeleton (D:15)
  2 black mambas
  6 elephants
  8 vault sentinels
  2 orange demons (D:13)
  A rime drake (Lair:4)
  5 spiny frogs
  4 demonic crawlers
  4 torpor snails (Lair:6)
  4 yaktaurs
  An efreet (D:15)
  4 komodo dragons
  4 freezing wraiths
  3 tyrant leeches (Lair:6)
  3 meliai (D:15)
  A tengu conjurer (D:13)
  3 trolls
  A troll (shapeshifter) (D:11)
  3 polar bears
  A guardian mummy (D:15)
  11 hornets
  15 jumping spiders
  6 blink frogs
  A hippogriff (shapeshifter) (Vaults:4)
  A snapping turtle (Lair:2)
  14 slime creatures
  8 dream sheep
  8 hippogriffs
  42 redbacks
  A meliai zombie (D:12)
  8 wraiths
  A spriggan (D:7)
  A shadow (D:15)
  18 tarantellas
  16 yaks
  A wyvern (D:10)
  4 fire elementals (D:13)
  A hog (Lair:6)
  A hungry ghost (D:12)
  9 vampire mosquitoes
  A basilisk (Lair:3)
  6 wargs
  3 acid dragons
  A soldier ant (D:12)
  6 hell hounds
  4 water moccasins
  6 porcupines
  4 slaves
  A black bear (D:5)
  5 ice beasts
  2 necrophages
  23 orc warriors
  2 sky beasts
  7 boggarts
  2 wolves (Lair:6)
  23 ogres
  3 crocodiles
  23 centaurs
  10 bullfrogs
  A water moccasin zombie (D:12)
  3 scorpions (D:13)
  A human simulacrum (Vaults:4)
  14 killer bees
  20 wights
  4 howler monkeys
  5 electric eels
  5 crimson imps
  4 centaur zombies
  2 quasits
  3 centaur skeletons
  18 orc priests
  4 hounds
  9 jellies
  26 orc wizards
  Jessica (D:2)
  3 iguanas
  10 worker ants
  Natasha (thrice) (D:2)
  A killer bee zombie (D:6)
  A hound zombie (D:7)
  8 gnolls (D:6)
  13 adders
  4 shadow imps
  16 oozes
  An adder zombie (D:5)
  A worm (D:2)
  2 dart slugs
  4 leopard geckos
  59 orcs
  9 bats
  3 giant cockroaches
  9 goblins
  7 hobgoblins
  11 jackals
  12 kobolds
  8 quokkas
  2 ball pythons
  5 frilled lizards (D:1)
  2 leopard gecko skeletons
  A quokka skeleton (D:6)
  A quokka zombie (D:6)
  8 rats
  A plant (Lair:6)
883 creatures vanquished.

Vanquished Creatures (collateral kills)
  Arachne (Spider:3)
  Jorgrun (Vaults:2)
  3 tentacled monstrosities (Vaults:5)
  2 liches
  A titan (Vaults:5)
  Asterion (Spider:3)
  A sphinx (Vaults:5)
  3 tengu reavers
  2 shadow dragons (Vaults:5)
  Kirke (Lair:6)
  A storm dragon (Vaults:5)
  A deep elf sorcerer (Vaults:5)
  5 vault wardens
  2 ghost moths
  4 emperor scorpions (Spider:4)
  The ghost of dracomuter the Carver, a journeyman DgCj (D:12)
  3 very ugly things (Vaults:2)
  11 ironheart preservers
  4 war gargoyles
  A deep elf demonologist (Vaults:5)
  2 entropy weavers
  4 stone giants
  The ghost of hofbold the Imperceptible, a journeyman SpEn of Dithmenos (Spider:3)
  A crystal guardian (Vaults:3)
  A deep elf death mage (Vaults:5)
  2 ettins
  The ghost of grerr the Stormcaller, a journeyman TeAE of Sif Muna (D:13)
  2 fire dragons
  6 yaktaur captains
  A great orb of eyes (Vaults:3)
  A deep elf high priest (Vaults:5)
  2 hydras
  18 vault guards
  4 centaur warriors
  A dancing weapon (D:13)
  7 ogre magi
  A death knight (Vaults:2)
  15 two-headed ogres
  3 deep troll shamans
  A death yak (Lair:5)
  2 orc high priests (Orc:2)
  A deep elf knight (Vaults:2)
  A skeletal warrior (D:12)
  An unseen horror (D:10)
  3 deep trolls
  A glowing orange brain (Vaults:1)
  A flayed ghost (Vaults:1)
  A lindwurm (Lair:6)
  4 harpies
  2 deep elf archers
  A wolf spider zombie (Spider:2)
  3 phantasmal warriors (Vaults:5)
  11 orc knights
  6 ironbrand convokers
  8 orb spiders
  14 wolf spiders
  7 deep elf magi
  4 orc sorcerers
  2 cyclopes
  8 ugly things
  A manticore (D:13)
  5 slime creatures
  A moth of wrath (Spider:3)
  8 vault sentinels
  6 elephants
  Joseph (D:8)
  A torpor snail (Lair:6)
  2 black mambas
  A black mamba (shapeshifter) (Vaults:4)
  5 spiny frogs
  4 freezing wraiths
  A rime drake (Lair:5)
  A spriggan zombie (D:15)
  21 yaktaurs
  2 demonic crawlers
  3 komodo dragons
  A queen bee (shapeshifter) (Vaults:1)
  A troll (Vaults:4)
  2 meliai (shapeshifter)
  A harpy zombie (D:15)
  3 hornets
  25 jumping spiders
  A polar bear (Vaults:4)
  A hippogriff (D:12)
  A slime creature (shapeshifter) (Vaults:5)
  2 blink frogs (Lair:5)
  3 dream sheep
  40 redbacks
  12 tarantellas
  3 wraiths
  7 yaks
  A wyvern (Lair:6)
  2 water elementals (D:11)
  A hog (Lair:6)
  A hungry ghost (D:9)
  A yaktaur simulacrum (Vaults:4)
  4 vampire mosquitoes
  A soldier ant (D:11)
  An acid dragon (Vaults:1)
  6 water moccasins
  A floating eye (shapeshifter) (Vaults:3)
  A porcupine (Lair:5)
  11 orc warriors
  16 ogres
  A boggart (Vaults:1)
  9 centaurs
  A crocodile (Lair:1)
  7 bullfrogs
  2 wights
  3 electric eels
  A crimson imp (D:12)
  A human simulacrum (Vaults:3)
  A centaur skeleton (D:10)
  An orc priest (Vaults:3)
  An iguana (D:9)
  6 orc wizards
  2 adders
  An orc zombie (Vaults:4)
  A white imp (Vaults:4)
  An ufetubus (Vaults:4)
  14 orcs
  A hobgoblin (Orc:1)
  14 fungi
  10 plants
495 creatures vanquished.

Vanquished Creatures (others)
  2 profane servitors (Vaults:5)
  A bone dragon (Vaults:5)
  2 ghouls (Vaults:5)
  4 vampire knights (Vaults:5)
  A titan zombie (Vaults:5)
  A spectral efreet (D:13)
  10 skeletal warriors
  6 flayed ghosts
  4 phantasmal warriors
  A shadow dragon zombie (Vaults:5)
  A sphinx zombie (Vaults:5)
  6 ugly thing zombies
  5 wolf spider zombies
  A spectral spriggan (D:15)
  2 yaktaur zombies
  13 redback zombies
  10 human zombies
  5 tarantella zombies
  3 jumping spider zombies
  5 flying skulls
  A redback (Vaults:5)
  7 vampires
  A wraith (Vaults:1)
  5 two-headed ogre zombies
  A deep troll zombie (Vaults:5)
  A spiny frog zombie (Lair:3)
  A dream sheep zombie (Lair:6)
  3 elf zombies (Vaults:5)
  2 hippogriff zombies
  3 vampire mosquito zombies (D:11)
  3 hell hound zombies (D:13)
  A wyvern zombie (D:10)
  A warg zombie (Vaults:3)
  A water moccasin zombie (Lair:3)
  2 wights (Lair:3)
  7 centaur zombies
  2 bullfrog zombies
  4 killer bee zombies
  9 ogre zombies
  A howler monkey zombie (D:7)
  2 worker ant zombies
  2 electric eel zombies
  An iguana zombie (D:10)
  An orc skeleton (D:7)
  A jackal zombie (D:8)
  19 orc zombies
  5 fungi
  3 plants
  A spectral weapon (Vaults:4)
  A withered plant (D:15)
175 creatures vanquished.

Grand Total: 1553 creatures vanquished

Notes
Turn   | Place    | Note
-------+----------+-------------------------------------------
     0 | D:1      | Jannitor the Gnoll Wanderer began the quest for the Orb.
     0 | D:1      | Jannitor set off with: a +2 hand axe, a potion of lignification, a +0 ring mail, a ration
     0 | D:1      | Reached XP level 1. HP: 26/26 MP: 1/1
   121 | D:1      | Reached XP level 2. HP: 32/33 MP: 2/2
   329 | D:1      | Reached XP level 3. HP: 38/38 MP: 3/3
   861 | D:2      | Reached skill level 1 in Invocations
  1118 | D:2      | Reached skill level 1 in Short Blades
  1118 | D:2      | Reached skill level 1 in Long Blades
  1118 | D:2      | Reached skill level 1 in Maces & Flails
  1118 | D:2      | Reached skill level 1 in Polearms
  1118 | D:2      | Reached skill level 1 in Staves
  1118 | D:2      | Reached skill level 1 in Slings
  1118 | D:2      | Reached skill level 1 in Bows
  1118 | D:2      | Reached skill level 1 in Crossbows
  1118 | D:2      | Reached skill level 1 in Dodging
  1118 | D:2      | Reached skill level 1 in Shields
  1118 | D:2      | Reached skill level 1 in Unarmed Combat
  1118 | D:2      | Reached skill level 1 in Spellcasting
  1118 | D:2      | Reached skill level 1 in Evocations
  1119 | D:2      | Reached XP level 4. HP: 33/45 MP: 5/5
  1306 | D:2      | Noticed Natasha
  1311 | D:2      | Killed Natasha
  1337 | D:2      | Reached skill level 1 in Conjurations
  1337 | D:2      | Reached skill level 1 in Hexes
  1337 | D:2      | Reached skill level 1 in Charms
  1337 | D:2      | Reached skill level 1 in Summonings
  1337 | D:2      | Reached skill level 1 in Necromancy
  1337 | D:2      | Reached skill level 1 in Translocations
  1337 | D:2      | Reached skill level 1 in Transmutations
  1337 | D:2      | Reached skill level 1 in Fire Magic
  1337 | D:2      | Reached skill level 1 in Ice Magic
  1337 | D:2      | Reached skill level 1 in Air Magic
  1337 | D:2      | Reached skill level 1 in Earth Magic
  1337 | D:2      | Reached skill level 1 in Poison Magic
  1488 | D:2      | Found a hazy altar of Hepliaklqana.
  1529 | D:2      | Noticed Natasha
  1534 | D:2      | Killed Natasha
  1534 | D:2      | Reached XP level 5. HP: 38/51 MP: 5/7
  1538 | D:2      | Noticed Natasha
  1549 | D:2      | Killed Natasha
  1620 | D:2      | Noticed Jessica
  1621 | D:2      | Killed Jessica
  2193 | D:3      | Reached XP level 6. HP: 57/57 MP: 8/8
  2482 | D:3      | Noticed hofbold's ghost (amateur FoFi)
  2561 | D:4      | Found a basalt altar of Yredelemnul.
  2712 | D:4      | Became a worshipper of Yredelemnul the Dark
  2839 | D:4      | Reached XP level 7. HP: 49/63 MP: 10/10
  3012 | D:4      | Noticed Pikel
  3714 | D:4      | Found a deep blue altar of Sif Muna.
  3759 | D:4      | Found a white marble altar of Elyvilon.
  3778 | D:4      | Found a staircase to the Ecumenical Temple.
  3867 | Temple   | Entered the Ecumenical Temple
  4349 | D:5      | Entered Level 5 of the Dungeon
  4357 | D:5      | Found Xoigy Jogeu's Magic Scroll Emporium.
  4360 | D:5      | Bought a scroll of teleportation for 39 gold pieces
  4360 | D:5      | Bought a scroll of magic mapping for 45 gold pieces
  4360 | D:5      | Bought a scroll of identify for 26 gold pieces
  4435 | D:5      | Killed Pikel
  4435 | D:5      | Reached skill level 9 in Fighting
  4435 | D:5      | Reached XP level 8. HP: 67/71 MP: 10/12
  4922 | D:5      | Found an iron altar of Okawaru.
  5369 | D:6      | Found a hide-covered altar of Uskayaw.
  5556 | D:6      | Reached XP level 9. HP: 75/75 MP: 14/14
  5705 | D:6      | Found a sparkling altar of Nemelex Xobeh.
  5705 | D:6      | Found a bloodstained altar of Trog.
  5748 | D:6      | Reached * piety under Yredelemnul
  6597 | D:7      | Found a radiant altar of Vehumet.
  6614 | D:7      | Reached skill level 5 in Axes
  6614 | D:7      | Reached skill level 5 in Throwing
  6653 | D:7      | Reached ** piety under Yredelemnul
  6969 | D:7      | Reached skill level 5 in Stealth
  7009 | D:7      | Found a sacrificial altar of Ru.
  7059 | D:7      | Learned a level 2 spell: Swiftness
  7186 | D:7      | Reached skill level 5 in Invocations
  7466 | D:8      | Noticed Joseph
  7482 | D:8      | Killed Joseph
  7482 | D:8      | Reached XP level 10. HP: 46/84 MP: 15/17
  7507 | D:8      | Noticed hofbold's ghost (novice FoFi)
  7902 | D:8      | Found an opulent altar of Gozag.
  7942 | D:8      | Noticed a two-headed ogre
  7946 | D:8      | Killed a two-headed ogre
  7946 | D:8      | Reached skill level 5 in Short Blades
  7946 | D:8      | Reached skill level 5 in Long Blades
  7946 | D:8      | Reached skill level 5 in Maces & Flails
  7946 | D:8      | Reached skill level 5 in Polearms
  7946 | D:8      | Reached skill level 5 in Staves
  7946 | D:8      | Reached skill level 5 in Slings
  7946 | D:8      | Reached skill level 5 in Bows
  7946 | D:8      | Reached skill level 5 in Crossbows
  7946 | D:8      | Reached skill level 5 in Dodging
  7946 | D:8      | Reached skill level 5 in Shields
  7946 | D:8      | Reached skill level 5 in Unarmed Combat
  7946 | D:8      | Reached skill level 5 in Spellcasting
  7946 | D:8      | Reached skill level 5 in Evocations
  7996 | D:8      | Found a stormy altar of Qazlal.
  8133 | D:8      | Noticed a two-headed ogre
  8152 | D:9      | Found a staircase to the Orcish Mines.
  8155 | D:9      | Found a blossoming altar of Fedhas.
  8452 | D:9      | Reached skill level 10 in Fighting
  8470 | D:9      | Reached *** piety under Yredelemnul
  9262 | D:10     | Entered Level 10 of the Dungeon
  9520 | D:10     | Killed an unseen horror
  9520 | D:10     | Reached XP level 11. HP: 72/91 MP: 19/19
  9527 | D:10     | Found a staircase to the Lair.
  9584 | D:10     | Noticed a two-headed ogre
  9603 | D:10     | Killed a two-headed ogre
  9747 | D:10     | Received a gift from Yredelemnul (a wight)
  9749 | D:10     | Killed a two-headed ogre
  9749 | D:10     | Reached skill level 5 in Conjurations
  9749 | D:10     | Reached skill level 5 in Hexes
  9749 | D:10     | Reached skill level 5 in Charms
  9749 | D:10     | Reached skill level 5 in Summonings
  9749 | D:10     | Reached skill level 5 in Necromancy
  9749 | D:10     | Reached skill level 5 in Translocations
  9749 | D:10     | Reached skill level 5 in Transmutations
  9749 | D:10     | Reached skill level 5 in Fire Magic
  9749 | D:10     | Reached skill level 5 in Ice Magic
  9749 | D:10     | Reached skill level 5 in Air Magic
  9749 | D:10     | Reached skill level 5 in Earth Magic
  9749 | D:10     | Reached skill level 5 in Poison Magic
 10283 | Lair:1   | Entered Level 1 of the Lair of Beasts
 10458 | Lair:1   | Identified a scroll of acquirement
 10553 | Lair:1   | Received a gift from Yredelemnul (2 flying skulls)
 11555 | Lair:2   | Noticed Erica
 11572 | Lair:2   | Killed Erica
 11669 | Lair:2   | Reached **** piety under Yredelemnul
 11820 | Lair:2   | Received a gift from Yredelemnul (a wight)
 11915 | Lair:2   | Found a staircase to the Shoals.
 12192 | Lair:3   | Reached XP level 12. HP: 88/99 MP: 22/22
 12679 | Lair:3   | Received a gift from Yredelemnul (a wraith)
 12706 | Lair:3   | Found a hole to the Spider Nest.
 12739 | Lair:3   | Reached skill level 11 in Fighting
 13409 | Lair:4   | Noticed a four-headed hydra
 13414 | Lair:4   | Killed a four-headed hydra
 13438 | Lair:4   | Received a gift from Yredelemnul (3 flying skulls)
 13759 | Lair:4   | Noticed an eight-headed hydra
 13770 | Lair:4   | Killed an eight-headed hydra
 13773 | Lair:4   | Received a gift from Yredelemnul (a vampire)
 13775 | Lair:4   | Reached skill level 10 in Armour
 14331 | Lair:4   | Gained mutation: Armour fits poorly on your strangely shaped body. [potion of mutation]
 14331 | Lair:4   | Gained mutation: You expend magic power (3 MP) to strengthen your wands. [potion of mutation]
 14331 | Lair:4   | Gained mutation: You are agile. (Dex +2) [potion of mutation]
 14332 | Lair:4   | Lost mutation: You are agile. (Dex +2) [potion of mutation]
 14332 | Lair:4   | Lost mutation: Armour fits poorly on your strangely shaped body. [potion of mutation]
 14332 | Lair:4   | Gained mutation: You are resistant to hostile enchantments. (MR+) [potion of mutation]
 14332 | Lair:4   | Gained mutation: You have sharp toenails. [potion of mutation]
 14378 | Lair:4   | Got an amber-encrusted leather armour
 14389 | Lair:4   | Identified the +3 leather armour of the Lotus Blossom {rF+ Dex-5 SInv} (You found it on level 4 of the Lair of Beasts)
 14451 | Lair:5   | Noticed a death yak
 14452 | Lair:5   | Noticed a death yak
 14453 | Lair:5   | Noticed a death yak
 14456 | Lair:5   | Noticed a death yak
 14497 | Lair:5   | Killed a death yak
 14501 | Lair:5   | Killed a death yak
 14514 | Lair:5   | Reached XP level 13. HP: 81/106 MP: 14/24
 14706 | Lair:5   | Learned a level 5 spell: Yara's Violent Unravelling
 14777 | Lair:5   | Learned a level 3 spell: Ozocubu's Armour
 14782 | Lair:5   | Learned a level 4 spell: Summon Ice Beast
 14891 | Lair:5   | Received a gift from Yredelemnul (a phantasmal warrior)
 15135 | Lair:6   | Entered Level 6 of the Lair of Beasts
 15420 | Lair:6   | Received a gift from Yredelemnul (a phantasmal warrior)
 15468 | Lair:6   | Got a polished plate armour
 15479 | Lair:6   | Identified the +6 plate armour of the Fifty Dreams {rC- Slay+6} (You found it on level 6 of the Lair of Beasts)
 15575 | Lair:6   | Found a staircase to the Slime Pits.
 15666 | Lair:6   | Noticed Kirke
 15675 | Lair:6   | Killed Kirke
 15802 | Lair:6   | Found a runed door.
 15811 | Lair:6   | Noticed an ice dragon
 15821 | Lair:6   | Killed an ice dragon
 16024 | Lair:6   | Paralysed by a hornet for 1 turns
 16054 | Lair:6   | Reached ***** piety under Yredelemnul
 16072 | Lair:6   | Reached XP level 14. HP: 86/114 MP: 26/26
 16754 | Orc:1    | Entered Level 1 of the Orcish Mines
 16832 | Orc:2    | Entered Level 2 of the Orcish Mines
 16848 | Orc:2    | Found a bloodstained altar of Trog.
 16928 | Orc:2    | Found a bloodstained altar of Trog.
 16959 | Orc:1    | Noticed Josephine
 16972 | Orc:1    | Killed Josephine
 17055 | Orc:1    | Found Qechatio's Weapon Boutique.
 17080 | Orc:1    | Found a bloodstained altar of Trog.
 17123 | Orc:1    | Reached skill level 12 in Fighting
 17129 | Orc:1    | Received a gift from Yredelemnul (a vampire)
 17578 | Orc:2    | Found Uchuxim's General Store.
 17614 | Orc:2    | Noticed Nessos
 17736 | Orc:2    | Killed Nessos
 17841 | Orc:2    | Found a staircase to the Elven Halls.
 17890 | Orc:2    | Received a gift from Yredelemnul (a vampire)
 18049 | Orc:2    | Received a gift from Yredelemnul (a skeletal warrior)
 18054 | Orc:2    | Found Keliub's Armour Shoppe.
 18059 | Orc:2    | Found Tepteit's Antique Armour Shoppe.
 18145 | Orc:2    | Bought the ring "Kucobups" {rC+ Str+3} for 475 gold pieces
 18154 | Orc:2    | Found Ypseufebb's General Store.
 18162 | Orc:2    | Bought a book of Geomancy for 490 gold pieces
 18165 | Orc:2    | Learned a level 2 spell: Passwall
 18236 | Orc:2    | Upgraded the game from 0.21.0-36-ge3e1d5aaab to 0.21.0-37-g46506fa5f3
 18483 | D:11     | Found a labyrinth entrance.
 18489 | Lab      | Entered a labyrinth
 19100 | Lab      | Reached skill level 10 in Invocations
 19106 | Lab      | Found the +6 lightning scales {run, rElec}
 19106 | Lab      | Got a wavering gossamer ring
 19107 | Lab      | Identified the ring of Cowardice {rF+ Dex+2} (You found it in a labyrinth)
 19410 | D:11     | Received a gift from Yredelemnul (a vampire)
 19621 | D:11     | Noticed a fire giant
 19632 | D:11     | Killed a fire giant
 19647 | D:11     | Noticed a sphinx
 19653 | D:11     | Killed a sphinx
 20040 | D:12     | Found Kaohun's Distillery.
 20050 | D:12     | Received a gift from Yredelemnul (a vampire)
 20407 | D:12     | Received a gift from Yredelemnul (a phantasmal warrior)
 20701 | D:12     | Noticed dracomuter's ghost (journeyman DgCj)
 20710 | D:12     | Reached XP level 15. HP: 95/122 MP: 28/28
 20724 | D:12     | Killed dracomuter's ghost
 21115 | D:12     | Noticed VanClaymore's ghost (journeyman MfGl)
 21126 | D:12     | Killed VanClaymore's ghost
 21126 | D:12     | Reached skill level 10 in Axes
 21126 | D:12     | Reached skill level 10 in Throwing
 21231 | D:13     | Noticed Azrael
 21245 | D:13     | Reached ****** piety under Yredelemnul
 21257 | D:13     | Reached skill level 10 in Stealth
 21267 | D:13     | Killed Azrael
 21267 | D:13     | Enslaved Azrael
 21348 | D:13     | Noticed grerr's ghost (journeyman TeAE)
 21357 | D:13     | Killed grerr's ghost
 21565 | D:13     | Received a gift from Yredelemnul (a vampire)
 21572 | D:13     | Your ally Azrael died
 21827 | D:13     | Found a gate to the Vaults.
 21900 | D:13     | Received a gift from Yredelemnul (a skeletal warrior)
 22235 | D:14     | Noticed Frances
 22244 | D:14     | Killed Frances
 22244 | D:14     | Enslaved Frances
 22519 | D:14     | Noticed Agnes
 22525 | D:14     | Killed Agnes
 22525 | D:14     | Enslaved Agnes
 22762 | D:15     | Entered Level 15 of the Dungeon
 22768 | D:15     | Your ally Agnes died
 22793 | D:15     | Noticed Roxanne
 22815 | D:15     | Reached skill level 10 in Short Blades
 22815 | D:15     | Reached skill level 10 in Long Blades
 22815 | D:15     | Reached skill level 10 in Maces & Flails
 22815 | D:15     | Reached skill level 10 in Polearms
 22815 | D:15     | Reached skill level 10 in Staves
 22815 | D:15     | Reached skill level 10 in Slings
 22815 | D:15     | Reached skill level 10 in Bows
 22815 | D:15     | Reached skill level 10 in Crossbows
 22815 | D:15     | Reached skill level 10 in Dodging
 22815 | D:15     | Reached skill level 10 in Shields
 22815 | D:15     | Reached skill level 10 in Unarmed Combat
 22815 | D:15     | Reached skill level 10 in Spellcasting
 22815 | D:15     | Reached skill level 10 in Evocations
 22822 | D:15     | Received a gift from Yredelemnul (a flayed ghost)
 23010 | D:15     | Received a gift from Yredelemnul (a skeletal warrior)
 23253 | D:15     | Found a staircase to the Depths.
 23754 | D:15     | Killed Roxanne
 23755 | D:15     | Identified Roxanne's Almanac of Transformation (You took it off Roxanne on level 15 of the Dungeon)
 23971 | Orc:2    | Bought a +0 ring mail of poison resistance for 128 gold pieces
 24192 | Spider:1 | Entered Level 1 of the Spider Nest
 24274 | Spider:1 | Reached XP level 16. HP: 129/129 MP: 30/30
 24531 | Spider:1 | Reached skill level 13 in Fighting
 24954 | Spider:2 | Identified the cursed +0 longbow of Trog's Condemnation {venom, Dex+4} (You found it on level 2 of the Spider Nest)
 25011 | Spider:2 | Received a gift from Yredelemnul (a profane servitor)
 25424 | Spider:2 | Learned a level 5 spell: Alistair's Intoxication
 25871 | Spider:3 | Received a gift from Yredelemnul (a flayed ghost)
 26028 | Spider:3 | Noticed hofbold's ghost (journeyman SpEn)
 26037 | Spider:3 | Killed hofbold's ghost
 26103 | Spider:3 | Noticed Asterion
 26107 | Spider:3 | Noticed Arachne
 26123 | Spider:3 | Killed Asterion
 26130 | Spider:3 | Received a gift from Yredelemnul (a vampire knight)
 26172 | Spider:3 | Killed Arachne
 26504 | Spider:4 | Entered Level 4 of the Spider Nest
 26557 | Spider:4 | Learned a level 5 spell: Aura of Abjuration
 26563 | Spider:4 | Learned a level 5 spell: Summon Forest
 26695 | Spider:4 | Noticed Aizul
 26707 | Spider:4 | Killed Aizul
 26815 | Spider:4 | Received a gift from Yredelemnul (a phantasmal warrior)
 27012 | Spider:4 | Received a gift from Yredelemnul (a skeletal warrior)
 27117 | Spider:4 | Reached XP level 17. HP: 137/137 MP: 5/32
 27281 | Spider:4 | Received a gift from Yredelemnul (a flayed ghost)
 27334 | Spider:4 | Got a gossamer rune of Zot
 27889 | Spider:4 | Received a gift from Yredelemnul (a vampire knight)
 28152 | Vaults:1 | Entered Level 1 of the Vaults
 28152 | Vaults:1 | Found Ravipp's Assorted Antiques.
 28167 | Vaults:1 | Bought a pair of embroidered gloves for 292 gold pieces
 28342 | Vaults:1 | Received a gift from Yredelemnul (a vampire)
 28351 | Vaults:1 | Found Vorren's Assorted Antiques.
 28481 | Vaults:1 | Received a gift from Yredelemnul (a skeletal warrior)
 28535 | Vaults:1 | Received a gift from Yredelemnul (a vampire knight)
 28739 | Vaults:1 | Noticed a Tzitzimitl
 28758 | Vaults:1 | Received a gift from Yredelemnul (a flayed ghost)
 28820 | Vaults:1 | Found Uttuxt's Assorted Antiques.
 28937 | Vaults:1 | Noticed a sphinx
 28946 | Vaults:1 | Killed a sphinx
 29359 | Vaults:1 | Found Unis's Antique Weapon Shop.
 29360 | Vaults:1 | Found Vowayguibu's Jewellery Boutique.
 29374 | Vaults:1 | Bought the ring of the Mage {Wiz MR++ Int+3} for 1034 gold pieces
 29374 | Vaults:1 | Found the ring of the Mage {Wiz MR++ Int+3}
 29383 | Vaults:1 | Learned a level 6 spell: Shadow Creatures
 29471 | Vaults:2 | Received a gift from Yredelemnul (a skeletal warrior)
 29746 | Vaults:2 | Reached skill level 10 in Conjurations
 29746 | Vaults:2 | Reached skill level 10 in Hexes
 29746 | Vaults:2 | Reached skill level 10 in Charms
 29746 | Vaults:2 | Reached skill level 10 in Summonings
 29746 | Vaults:2 | Reached skill level 10 in Necromancy
 29746 | Vaults:2 | Reached skill level 10 in Translocations
 29746 | Vaults:2 | Reached skill level 10 in Transmutations
 29746 | Vaults:2 | Reached skill level 10 in Fire Magic
 29746 | Vaults:2 | Reached skill level 10 in Ice Magic
 29746 | Vaults:2 | Reached skill level 10 in Air Magic
 29746 | Vaults:2 | Reached skill level 10 in Earth Magic
 29746 | Vaults:2 | Reached skill level 10 in Poison Magic
 29764 | Vaults:2 | Reached XP level 18. HP: 118/145 MP: 33/33
 29804 | Vaults:2 | Reached skill level 14 in Fighting
 30402 | Vaults:2 | Noticed Jorgrun
 30408 | Vaults:2 | Killed Jorgrun
 30489 | Vaults:2 | Found a staircase to the Crypt.
 30489 | Vaults:2 | Found a basalt altar of Yredelemnul.
 30490 | Vaults:2 | Found an ancient bone altar of Kikubaaqudgha.
 30933 | Vaults:3 | Received a gift from Yredelemnul (a skeletal warrior)
 31111 | Vaults:3 | Received a gift from Yredelemnul (a skeletal warrior)
 31270 | Vaults:3 | Received a gift from Yredelemnul (a ghoul)
 31454 | Vaults:3 | Received a gift from Yredelemnul (a profane servitor)
 31494 | Vaults:3 | Found Iruifiamo's Weapon Emporium.
 31537 | Vaults:3 | Received a gift from Yredelemnul (a bone dragon)
 31725 | Vaults:3 | Found Cifeuf Jepn's Armour Emporium.
 32116 | Vaults:4 | Received a gift from Yredelemnul (a flayed ghost)
 32142 | Vaults:4 | Received a gift from Yredelemnul (a flayed ghost)
 32160 | Vaults:4 | Noticed a lich
 32172 | Vaults:4 | Killed a lich
 32556 | Vaults:4 | Reached XP level 19. HP: 127/153 MP: 35/35
 32575 | Vaults:4 | Found a gateway to a bazaar.
 32590 | Vaults:4 | Learned a level 4 spell: Cause Fear
 32591 | Bazaar   | Entered a bazaar
 32592 | Bazaar   | Found Pypauf's Book Shoppe.
 32601 | Bazaar   | Found Lyna's Book Shop.
 32630 | Bazaar   | Found Taselufa's Food Shop.
 32635 | Bazaar   | Found Ytosuox's Antique Weapon Emporium.
 32675 | Bazaar   | Bought a book of Battle for 400 gold pieces
 32685 | Bazaar   | Learned a level 3 spell: Spectral Weapon
 32768 | Vaults:4 | Received a gift from Yredelemnul (a skeletal warrior)
 33330 | Vaults:4 | Received a gift from Yredelemnul (a skeletal warrior)
 33343 | Vaults:4 | Found Vegetoupn's Jewellery Shop.
 33532 | Vaults:5 | Entered Level 5 of the Vaults
 33532 | Vaults:5 | Noticed a tentacled monstrosity
 33535 | Vaults:5 | Noticed Sojobo
 33550 | Vaults:5 | Killed a tentacled monstrosity
 33553 | Vaults:5 | Received a gift from Yredelemnul (a vampire knight)
 33618 | Vaults:5 | Noticed a lich
 33624 | Vaults:5 | Noticed a tentacled monstrosity
 33626 | Vaults:5 | Killed a lich
 33630 | Vaults:5 | Killed a tentacled monstrosity
 33668 | Vaults:5 | Noticed a Hell Sentinel
 33873 | Vaults:5 | Killed a tentacled monstrosity
 33874 | Vaults:5 | Received a gift from Yredelemnul (a ghoul)
 33883 | Vaults:5 | Reached XP level 20. HP: 154/161 MP: 36/36
 33891 | Vaults:5 | Noticed Mennas
 33929 | Vaults:5 | Got a sparkling bone ring
 33930 | Vaults:5 | Identified the ring "Poed" {Int+4 Dex+8 Stlth+} (You found it on level 5 of the Vaults)
 33954 | Vaults:5 | Reached skill level 15 in Fighting
 33969 | Vaults:5 | Found the ring of Phasing {EV+8}
 34009 | Vaults:5 | Noticed an ancient lich
 34042 | Vaults:5 | Killed from afar by an ancient lich

Skill      XL: |  1  2  3  4  5  6  7  8  9 10 11 12 13 14 15 16 17 18 19 20 |
---------------+-------------------------------------------------------------+-----
Invocations    | 1 2 3 4 5 6 7 8 9 10 11 12 13 14 | 14.0
Short Blades   | 1 2 3 4 5 6 7 8 9 10 11 12 13 | 13.0
Long Blades    | 1 2 3 4 5 6 7 8 9 10 11 12 13 | 13.0
Maces & Flails | 1 2 3 4 5 6 7 8 9 10 11 12 13 | 13.0
Polearms       | 1 2 3 4 5 6 7 8 9 10 11 12 13 | 13.0
Staves         | 1 2 3 4 5 6 7 8 9 10 11 12 13 | 13.0
Slings         | 1 2 3 4 5 6 7 8 9 10 11 12 13 | 13.0
Bows           | 1 2 3 4 5 6 7 8 9 10 11 12 13 | 13.0
Crossbows      | 1 2 3 4 5 6 7 8 9 10 11 12 13 | 13.0
Dodging        | 1 2 3 4 5 6 7 8 9 10 11 12 13 | 13.0
Shields        | 1 2 3 4 5 6 7 8 9 10 11 12 13 | 13.0
Unarmed Combat | 1 2 3 4 5 6 7 8 9 10 11 12 13 | 13.0
Spellcasting   | 1 2 3 4 5 6 7 8 9 10 11 12 13 | 13.0
Evocations     | 1 2 3 4 5 6 7 8 9 10 11 12 13 | 13.0
Conjurations   | 1 2 3 4 5 6 7 8 9 10 11 | 11.2
Hexes          | 1 2 3 4 5 6 7 8 9 10 11 | 11.2
Charms         | 1 2 3 4 5 6 7 8 9 10 11 | 11.2
Summonings     | 1 2 3 4 5 6 7 8 9 10 11 | 11.2
Necromancy     | 1 2 3 4 5 6 7 8 9 10 11 | 11.2
Translocations | 1 2 3 4 5 6 7 8 9 10 11 | 11.2
Transmutations | 1 2 3 4 5 6 7 8 9 10 11 | 11.2
Fire Magic     | 1 2 3 4 5 6 7 8 9 10 11 | 11.2
Ice Magic      | 1 2 3 4 5 6 7 8 9 10 11 | 11.2
Air Magic      | 1 2 3 4 5 6 7 8 9 10 11 | 11.2
Earth Magic    | 1 2 3 4 5 6 7 8 9 10 11 | 11.2
Poison Magic   | 1 2 3 4 5 6 7 8 9 10 11 | 11.2
Axes           | 3 4 5 6 7 8 9 10 11 12 13 | 13.2
Throwing       | 3 4 5 6 7 8 9 10 11 12 13 | 13.2
Stealth        | 3 4 5 6 7 8 9 10 11 12 13 | 13.2
Fighting       | 9 10 11 12 13 14 15 | 15.0
Armour         | 7 8 9 10 11 12 13 14 | 14.3

Action                   |  1- 3 |  4- 6 |  7- 9 | 10-12 | 13-15 | 16-18 | 19-21 || total
-------------------------+-------+-------+-------+-------+-------+-------+-------++-------
Melee: Hand axe          |   101 |   104 |       |       |       |       |       ||   205
       Bite              |     6 |    18 |    45 |    60 |   131 |   141 |    36 ||   437
       War axe           |       |    51 |       |       |       |       |       ||    51
       Punch             |       |     1 |     3 |       |       |       |       ||     4
       Dagger            |       |       |    57 |       |       |       |       ||    57
       Whip              |       |       |   240 |       |       |       |       ||   240
       Trident           |       |       |     3 |       |       |       |       ||     3
       Quarterstaff      |       |       |       |   279 |       |       |       ||   279
       Lajatang          |       |       |       |   183 |       |       |       ||   183
       Dire flail        |       |       |       |    93 |   945 |   194 |       ||  1232
       Demon trident     |       |       |       |       |       |   841 |   293 ||  1134
Throw: Javelin           |       |     9 |       |     2 |       |     9 |       ||    20
 Cast: Alistair's Intoxi |       |       |       |       |       |     2 |     2 ||     4
       Aura of Abjuratio |       |       |       |       |       |     1 |     1 ||     2
       Summon Forest     |       |       |       |       |       |     2 |     3 ||     5
       Spectral Weapon   |       |       |       |       |       |       |     6 ||     6
       Shadow Creatures  |       |       |       |       |       |       |     3 ||     3
       Cause Fear        |       |       |       |       |       |       |     2 ||     2
Invok: Animate Remains   |       |       |    13 |     7 |       |       |       ||    20
       Animate Dead      |       |       |       |    23 |    34 |    65 |    11 ||   133
       Injury Mirror     |       |       |       |     1 |       |       |       ||     1
       Recall Undead Sla |       |       |       |     2 |     5 |     2 |     4 ||    13
       Drain Life        |       |       |       |     2 |     2 |    10 |     5 ||    19
       Enslave Soul      |       |       |       |       |     3 |       |       ||     3
Evoke: Wand              |       |       |     2 |     4 |    10 |     2 |     2 ||    20
       Sack of spiders   |       |       |       |     1 |       |       |       ||     1
       Lamp of fire      |       |       |       |       |     1 |       |       ||     1
  Use: Scroll            |       |     9 |     2 |    14 |    16 |    17 |     5 ||    63
       Potion            |       |       |       |     5 |     4 |     2 |     8 ||    19
 Stab: Sleeping          |       |     3 |     2 |     3 |     3 |    19 |     1 ||    31
       Distracted        |       |       |       |     4 |    11 |    30 |    11 ||    56
       Paralysed         |       |       |       |       |       |     3 |       ||     3
       Confused          |       |       |       |       |       |       |     1 ||     1
  Eat: Chunk             |     1 |     5 |    11 |    12 |    20 |    16 |     2 ||    67
       Ration            |       |       |     2 |     7 |     7 |    10 |     3 ||    29
Armor: Ring mail         |    36 |    79 |       |       |     5 |   176 |       ||   296
       Scale mail        |       |     8 |   126 |   273 |    36 |       |       ||   443
       Skin              |       |       |       |    19 |       |       |       ||    19
       Plate armour      |       |       |       |       |   546 |    17 |       ||   563
       Leather armour    |       |       |       |       |    19 |       |       ||    19
       Fire dragon scale |       |       |       |       |       |    68 |    48 ||   116
Dodge: Dodged            |    50 |    99 |   141 |   342 |   554 |   525 |    96 ||  1807
Block: Shield            |       |       |       |       |       |   429 |   143 ||   572
